 Dungeon Crawl Stone Soup version 0.22-a0-425-g89d60a1 (webtiles) character file.

7 Amnesiac the Charlatan (level 1, -1/9 HPs)
             Began as a Spriggan Artificer on May 24, 2018.
             Slain by an ooze (3 damage)
             ... on level 1 of the Dungeon.
             The game lasted 00:00:46 (169 turns).

Amnesiac the Charlatan (Spriggan Artificer)          Turns: 169, Time: 00:00:47

Health: -1/9       AC:  2    Str:  8    XL:     1   Next: 91%
Magic:  4/4        EV: 18    Int: 12    God:
Gold:   52         SH:  0    Dex: 16    Spells: 0/0 levels left

rFire    . . .     SeeInvis +   a - +0 short sword
rCold    . . .     Gourm    .   (shield restricted)
rNeg     . . .     Faith    .   b - +0 robe
rPois    .         Spirit   .   (helmet restricted)
rElec    .         Reflect  .   (no cloak)
rCorr    .         Harm     .   (gloves unavailable)
MR       .....                  (boots unavailable)
Stlth    ++........             (no amulet)
HPRegen  0.03/turn              (no ring)
MPRegen  0.09/turn              (no ring)

@: very quick
A: very small, unfitting armour, see invisible, herbivore, speed 3, slow
metabolism 2
a: no special abilities


You were on level 1 of the Dungeon.
You were not hungry.

You visited 1 branch of the dungeon, and saw 1 of its levels.

You collected 52 gold pieces.

Inventory:

Hand Weapons
 a - a +0 short sword (weapon)
Armour
 b - a +0 robe (worn)
Wands
 c - a wand of flame (15)
 d - a wand of enslavement (15)
 e - a wand of random effects (15)
Scrolls
 i - a scroll of identify {!r, unknown}
Potions
 g - a potion of invisibility {!q, unknown}
 h - 2 potions of curing {!q, unknown}
Comestibles
 f - 3 rations


   Skills:
 - Level 0.7 Fighting
 * Level 1.5 Short Blades
 + Level 3.1 Dodging
 + Level 1.9 Stealth
 * Level 4.2 Evocations


You couldn't memorise any spells.
You didn't know any spells.
Your spell library was empty.

Dungeon Overview and Level Annotations

Branches:
Dungeon (1/15)

Altars:


Innate Abilities, Weirdness & Mutations

You are very small and have problems with some larger weapons.
You are too small for most types of armour.
You have supernaturally acute eyesight. (SInv)
You are a herbivore.
You cover ground extremely quickly.
You need to consume almost no food.


Message History

The bat hits you but does no damage. x2
The bat hits you but does no damage.
You see here 2 viscous sapphire potions {!q}.
h - 2 viscous sapphire potions {!q} The bat misses you.
The bat barely misses you. The bat closely misses you.
Found 12 sling bullets.
A goblin comes into view.
The bat closely misses you.
The goblin shouts!
A rat comes into view.
A giant cockroach comes into view.
You hit the goblin.
The goblin is moderately wounded.
The bat closely misses you. The goblin misses you.
You hit the goblin.
You kill the goblin!
The bat hits you but does no damage.
You see here a goblin corpse.
Found 12 gold pieces.
The bat closely misses you. The giant cockroach barely misses you.
You see here a scroll labeled LEDAIXK IWOTH {!r}.
i - a scroll labeled LEDAIXK IWOTH {!r} The bat completely misses you.
The giant cockroach bites you but does no damage.
The bat barely misses you. The bat misses you.
Found a dagger.
An ooze comes into view.
The bat hits you but does no damage.
Found a scroll labeled ISHOPT LUILLAT.
The ooze quivers.
The bat closely misses you. The bat completely misses you. The bat misses you.
You hit the bat.
You kill the bat!
You hit the giant cockroach.
The giant cockroach is severely wounded.
The giant cockroach misses you.
You hit the giant cockroach.
You kill the giant cockroach!
You hit the rat but do no damage. The rat misses you.
You closely miss the rat. The rat barely misses you.
You hit the rat.
The rat is heavily wounded.
The rat closely misses you.
You hit the rat.
You kill the rat!
You completely miss the ooze. The ooze closely misses you.
You hit the ooze.
The ooze is moderately wounded.
The ooze completely misses you.
You hit the ooze.
The ooze is heavily wounded.
The ooze hits you.
You completely miss the ooze.
The ooze is heavily wounded.
The ooze hits you.
* * * LOW HITPOINT WARNING * * *
You hit the ooze.
The ooze is heavily wounded.
The ooze hits you.
You die...

..... ### .... #.#
#########... #.#######
........#.. #.......#
.......... #.#####.#
.........##### #.# #.#
.............####.#####.#####
####>......................
#.#####@####.#####.##### #.#
###J####.# #......
##.###.....?..# #######
#..†...#.###### ##
#............... ...
#......#.#...... ###
#......#.#...... #..(####.#.#
J.... .. ##.. #.#.# ..... ##


You could see an ooze.

Vanquished Creatures
  2 giant cockroaches (D:1)
  2 goblins (D:1)
  A bat (D:1)
  2 rats (D:1)
7 creatures vanquished.

Notes
Turn   | Place    | Note
-------+----------+-------------------------------------------
     0 | D:1      | Amnesiac the Spriggan Artificer began the quest for the Orb.
     0 | D:1      | Reached XP level 1. HP: 9/9 MP: 4/4
   169 | D:1      | Slain by an ooze

Vault maps used:
D:1:      dpeg_arrival_water_altar, minmay_hexomino_u4

Action                   || total
-------------------------++-------
Melee: Short sword       ||    31
 Stab: Sleeping          ||     1
Armor: Robe              ||     8
Dodge: Dodged            ||    39

Table legend:
 A = Spawn XP
 B = Non-spawn XP
 C = Spawn XP percentage of total XP
 D = Spawn monster count
 E = Non-spawn monster count
 F = Spawn count percentage of total count
 G = Total turns spent on level
                    A         B        C        D         E        F      G
               +---------+---------+-------+---------+---------+-------+---------
         Total |       0 |      11 |   0.0 |       0 |       7 |   0.0 |   169
               +---------+---------+-------+---------+---------+-------+---------
           D:1 |       0 |      11 |   0.0 |       0 |       7 |   0.0 |   169
               +---------+---------+-------+---------+---------+-------+---------
